 Dungeon Crawl Stone Soup version 0.25-a0-785-gb22c70e859 (webtiles) character file.

Game seed: 16788840491607583543, levelgen mode: deterministic

238216 Mirvandir the Scorcher (level 19, -8/118 HPs)
             Began as a Gargoyle Earth Elementalist on Apr 17, 2020.
             Was the Champion of Vehumet.
             Killed from afar by a deep elf sorcerer (34 damage)
             ... with damnation
             ... on level 3 of the Elven Halls.
             The game lasted 01:54:41 (37608 turns).

Mirvandir the Scorcher (GrEE)                      Turns: 37608, Time: 01:54:42

Health: -8/118     AC: 34    Str: 26    XL:     19   Next: 71%
Magic:  44/44      EV: 22    Int: 29    God:    Vehumet [******]
Gold:   3395       SH:  0    Dex: 23    Spells: 5/42 levels left

rFire    . . .     SeeInvis .   o - +7 morningstar "Winluoku" {freeze, +Blink rC+ Dex+2 Stlth+}
rCold    + . .     Gourm    .   (no shield)
rNeg     + . .     Faith    .   w - +1 robe of the Storm King {Str+6 Dex+8}
rPois    ∞         Spirit   .   g - +2 helmet
rElec    +         Reflect  .   V - +2 cloak (curse)
rCorr    .         Harm     .   j - +2 pair of gloves {Dex+3}
MR       ++...                  Y - +5 pair of boots "Exenaol" {Str+7}
Stlth    ++++......             F - amulet of regeneration
HPRegen  0.69/turn              x - +6 ring of intelligence
MPRegen  0.29/turn              L - ring of magical power

@: stab, flying, very slightly contaminated, invisible
A: big wings, hooves 1, magic resistance 1, negative energy resistance 1,
electricity resistance, unbreathing, petrification resistance, rot immunity, AC
+14
}: 1/15 runes: gossamer
a: Stop Flying, Renounce Religion, Evoke Blink


You were on level 3 of the Elven Halls.
You worshipped Vehumet.
Vehumet was exalted by your worship.
You were not hungry.

You visited 7 branches of the dungeon, and saw 33 of its levels.
You also visited: Ossuary, Gauntlet and Ice Cave.

You collected 3746 gold pieces.
You spent 351 gold pieces at shops.

Inventory:

Hand Weapons
 n - a +8 demon whip of chaos
 o - the +7 morningstar "Winluoku" (weapon) {freeze, +Blink rC+ Dex+2 Stlth+}
   (You found it in an ice cave)

   It has been specially enchanted to freeze those struck by it, causing extra
   injury to most foes and up to half again as much damage against particularly
   susceptible opponents.
   It can also slow down cold-blooded creatures.
   It affects your dexterity (+2).
   It protects you from cold.
   It lets you blink.
   It makes you more stealthy.
 J - the +4 great sword "Zaynaun" {vorpal, Str+2}
   (You found it on level 9 of the Dungeon)

   It inflicts extra damage upon your enemies.
   It affects your strength (+2).
 S - the +7 flail "Meiblala" {venom, Dex+3}
   (You found it on level 12 of the Dungeon)

   It poisons the flesh of those it strikes.
   It affects your dexterity (+3).
Missiles
 b - 788 stones (quivered)
Armour
 g - a +2 helmet (worn)
 j - a +2 pair of gloves of dexterity (worn)
 w - the +1 robe of the Storm King (worn) {Str+6 Dex+8}
   (You found it on level 4 of the Dungeon)

   It affects your strength (+6).
   It affects your dexterity (+8).
 V - a cursed +2 cloak (worn)
 Y - the +5 pair of boots "Exenaol" (worn) {Str+7}
   (You bought it in a shop on level 2 of the Orcish Mines)

   It affects your strength (+7).
Magical Staves
 B - an uncursed staff of wizardry
Jewellery
 l - an uncursed ring of resist corrosion
 p - an uncursed amulet of the gourmand
 u - an uncursed ring of magical power
 x - a +6 ring of intelligence (left hand)
 F - an amulet of regeneration (around neck)
 L - a ring of magical power (right hand)
Wands
 h - a wand of flame (42)
 D - a wand of acid (15)
 W - a wand of disintegration (40)
 X - a wand of iceblast (8)
Scrolls
 c - 8 scrolls of identify
 k - 12 scrolls of teleportation
 m - 15 scrolls of remove curse
 v - a scroll of fear
 z - 5 scrolls of enchant armour
 K - 7 scrolls of amnesia
 M - 6 scrolls of immolation
 Q - 5 scrolls of fog
 U - 2 scrolls of holy word
Potions
 a - 3 potions of heal wounds
 f - 2 potions of ambrosia
 q - 3 potions of berserk rage
 r - 4 potions of stabbing
 s - 9 potions of curing
 t - 3 potions of magic
 C - 2 potions of cancellation
 E - 3 potions of mutation
Miscellaneous
 A - a box of beasts
 T - a phantom mirror
Comestibles
 d - 33 rations


   Skills:
 + Level 12.8 Fighting
 + Level 11.8 Maces & Flails
 - Level 6.0 Armour
 + Level 10.3 Dodging
 - Level 2.1 Stealth
 + Level 12.4 Spellcasting
 + Level 14.0 Conjurations
 - Level 0.7 Transmutations
 * Level 15.7 Fire Magic
 + Level 15.5 Earth Magic
 - Level 6.0 Evocations


You had 5 spell levels left.
You knew the following spells:

 Your Spells              Type           Power        Failure   Level  Hunger
a - Sandblast             Erth           ######       0%          1    None
b - Stone Arrow           Conj/Erth      ######       0%          3    None
c - Lee's Rapid Deconstr  Erth           #######...   1%          5    ##.....
d - Iron Shot             Conj/Erth      #######...   1%          6    ####...
e - Irradiate             Conj/Tmut      ######....   1%          5    ##.....
f - Starburst             Conj/Fire      #######...   1%          6    ####...
g - Ignition              Fire           #######...   9%          8    #######
h - Mephitic Cloud        Conj/Pois/Air  #####...     1%          3    None

Your spell library contained the following spells:

 Spells                   Type           Power        Failure   Level  Hunger
 Lehudib's Crystal Spear  Conj/Erth      #######...   12%         8    #######
 Fire Storm               Conj/Fire      #######...   82%         9    #######
 Conjure Flame            Conj/Fire      #######.     0%          3    None
 Freeze                   Ice            ###.         1%          1    None
 Shock                    Conj/Air       ####         1%          1    None
 Passwall                 Tmut/Erth      ######..     1%          2    None
 Dazzling Flash           Conj/Hex       ######       1%          3    None
 Ignite Poison            Fire/Tmut/Pois #####...     1%          3    None
 Static Discharge         Conj/Air       ######..     1%          3    None
 Fulminant Prism          Conj/Hex       ######....   1%          4    None
 Hailstorm                Conj/Ice       ######..     1%          4    None
 Petrify                  Tmut/Erth      ######..     1%          4    None
 Lightning Bolt           Conj/Air       ######....   1%          5    ##.....
 Frozen Ramparts          Ice            ###...       2%          3    None
 Animate Skeleton         Necr           N/A          3%          1    None
 Apportation              Tloc           ###...       3%          1    None
 Corona                   Hex            ###....      3%          1    None
 Pain                     Necr           ###.         3%          1    None
 Summon Small Mammal      Summ           ###.         3%          1    None
 Ensorcelled Hibernation  Hex/Ice        ###...       4%          2    None
 Poisonous Vapours        Pois/Air       ###...       4%          2    None
 Shroud of Golubria       Chrm/Tloc      ###...       4%          2    None
 Swiftness                Chrm/Air       ###.....     4%          2    None
 Spider Form              Tmut/Pois      ###.......   8%          3    None
 Airstrike                Air            ###.......   8%          4    None
 Confusing Touch          Hex            ###.....     9%          3    None
 Ozocubu's Armour         Chrm/Ice       ###.....     9%          3    None
 Tukima's Dance           Hex            ###.....     9%          3    None
 Vampiric Draining        Necr           ###.......   9%          3    None
 Ice Form                 Ice/Tmut       ###.....     26%         4    None
 Animate Dead             Necr           N/A          28%         4    None
 Summon Ice Beast         Ice/Summ       ###.....     28%         4    None
 Blade Hands              Tmut           ###.......   52%         5    ##.....
 Alistair's Intoxication  Tmut/Pois      ###.....     56%         5    ##.....
 Agony                    Necr           ###.....     63%         5    ##.....
 Metabolic Englaciation   Hex/Ice        ###.......   63%         5    ##.....
 Conjure Ball Lightning   Conj/Air       ######....   7%          6    ####...
 Freezing Cloud           Conj/Ice/Air   #####.....   17%         6    ####...
 Ring of Flames           Chrm/Fire      ######....   69%         7    ######.
 Ozocubu's Refrigeration  Ice            ###.......   71%         6    ####...
 Eringya's Noxious Bog    Tmut/Pois      ###.......   98%         6    ####...
 Simulacrum               Ice/Necr       ###.......   99%         6    ####...
 Sublimation of Blood     Necr           Unusable     N/A         2    N/A
 Statue Form              Tmut/Erth      Unusable     N/A         6    N/A

Dungeon Overview and Level Annotations

Branches:
Dungeon (15/15)            Temple (1/1) D:6            Lair (6/6) D:9
 Shoals (2/4) Lair:2       Spider (4/4) Lair:2        Slime (0/5) Lair:6
    Orc (2/2) D:12            Elf (3/3) Orc:2        Vaults (0/5) D:13
 Depths (0/5) D:15        Ossuary (visited)           IceCv (visited)
Gauntlet (visited)

Altars:
Ashenzari
Cheibriados
Dithmenos
Elyvilon
Fedhas
Gozag
Hepliaklqana
Kikubaaqudgha
Makhleb
Nemelex Xobeh
Okawaru
Qazlal
Ru
Sif Muna
Trog
Uskayaw
Vehumet
Wu Jian
Xom
Yredelemnul
Zin
The Shining One

Shops:
D:9 =   D:12 [   Orc:2 [(*:   Elf:3 *(

Annotations:
D:13 1 runed translucent door, Daocobae's ghost, journeyman GnCj
Lair:1 exclusion: door
Spider:1 1 runed translucent door, karf's ghost, journeyman TeAE
Elf:2 3 runed translucent doors


Innate Abilities, Weirdness & Mutations

You are resistant to torment.
Your stone body is resilient. (AC +14)
You are immune to poison.
Your large and strong wings let you fly indefinitely.
You resist negative energy. (rN+)
You are resistant to electric shocks. (rElec)
You can survive without breathing.
You are immune to petrification.
You are immune to rotting.
You have large cloven feet.
You are resistant to hostile enchantments. (MR+)


Message History

A deep elf high priest comes into view.
Unknown command.
Casting: Ignition (quite dangerous; 9% risk of failure)
Confirm with . or Enter, or press ? or * to list all spells.
The air bursts into flame!
The fireball engulfs the deep elf elementalist!
You kill the deep elf elementalist!
Vehumet accepts your kill.
You feel your power returning.
The fireball engulfs the deep elf sorcerer!!
You kill the deep elf sorcerer!
Vehumet accepts your kill.
You feel your power returning.
The fireball engulfs the deep elf sorcerer!!
The deep elf sorcerer is severely wounded.
The fireball engulfs the deep elf high priest!!
The deep elf high priest is heavily wounded.
The deep elf sorcerer gestures at you while chanting.
The sphere of damnation explodes!
The damnation engulfs you!!
You die...

**,,,,,,,,,,*,,,,,,,,,,**
**,,,,.....,***,.....,,,,**
**,,,,,...|)#* *#))...,,,,,**
**,,,,,*e.))..#*#).[e..*,,,,,**
**,,,,,**#.)..).#......#**,,,,,**
*,,,,,** *#.).........#* **,,,,,*
,,,,,** *#.).......#* **,,,,,
*,,,** *#.......#* **,,,* **,**
*#.)@..#* **,** *** ##)(.## ***
##)## #.# #.#
###########.################
#...........................
#...........................
#..##############..#######'#


You could see a deep elf sorcerer and a deep elf high priest.

Vanquished Creatures
  Mara (Spider:4)
  Bai Suzhen (Spider:3)
  Arachne (Spider:2)
  Jorgrun (Shoals:2)
  Asterion (Elf:1)
  A deep elf blademaster (Elf:3)
  A deep elf master archer (Elf:3)
  Frances (Spider:1)
  Roxanne (Elf:2)
  Donald (Elf:3)
  Kirke (D:15)
  2 ghost moths (Spider:4)
  5 deep elf sorcerers
  Aizul (Spider:3)
  An orc warlord (Orc:2)
  2 deep elf elementalists (Elf:3)
  3 emperor scorpions (Spider:4)
  2 very ugly things (IceCv)
  3 entropy weavers
  An ironheart preserver (D:13)
  5 deep elf annihilators
  A deep elf demonologist (Elf:3)
  Azrael (Spider:2)
  A minotaur (Gauntlet)
  3 merfolk impalers (Shoals:1)
  An ettin (Orc:2)
  A deep elf death mage (Elf:3)
  The ghost of larifari the Geomancer, a journeyman KoEE of Kikubaaqudgha (D:12)
  3 deep elf high priests (Elf:3)
  An ice dragon (Spider:3)
  A fire dragon (Lair:6)
  8 hydras
  A centaur warrior (D:14)
  A catoblepas (Lair:5)
  Erica (D:8)
  15 dancing weapons
  7 two-headed ogres
  A queen ant (Spider:1)
  6 death yaks
  A tengu warrior (D:15)
  An orc high priest (Orc:2)
  The ghost of Maedhros the Martial Artist, a novice OpAr of Cheibriados (D:9)
  9 deep elf knights
  The ghost of kuniqs the Summoner, a novice DESu of Sif Muna (D:11)
  A sixfirhy (Gauntlet)
  4 skeletal warriors
  3 sea snakes (Shoals:1)
  A deep troll (shapeshifter) (D:15)
  A swamp dragon (Lair:6)
  12 deep elf archers
  A lindwurm (Lair:4)
  4 orc knights
  22 orb spiders
  A cyclops (shapeshifter) (D:15)
  5 orc sorcerers
  2 oklob plants (Lair:5)
  7 manticores
  5 fauns
  57 deep elf magi
  3 cyclopes
  18 wolf spiders
  13 ugly things
  11 elephants
  3 black mambas
  4 merfolk sirens
  2 moths of wrath
  4 water nymphs (Shoals:1)
  5 ice statues (IceCv)
  A naga mage (D:15)
  Maggie (D:9)
  7 spiny frogs
  7 komodo dragons
  7 rime drakes
  2 kobold demonologists
  2 minotaur zombies (Gauntlet)
  17 demonic crawlers
  A tengu conjurer (D:15)
  2 queen bees
  6 trolls
  A golden dragon simulacrum (IceCv)
  33 jumping spiders
  8 merfolk
  15 hornets
  10 slime creatures
  10 dream sheep
  A raiju (shapeshifter) (D:15)
  10 blink frogs
  3 meliai (Lair:5)
  A wind drake (Shoals:1)
  2 snapping turtles
  9 hippogriffs
  A wraith (D:14)
  A dire elephant simulacrum (IceCv)
  2 wyverns
  96 redbacks
  3 air elementals
  41 tarantellas
  Sigmund (D:4)
  2 humans (D:15)
  2 vampires
  5 water elementals
  A shadow (D:13)
  2 hogs (D:15)
  47 yaks
  6 fire elementals
  2 hungry ghosts
  9 basilisks
  4 vampire mosquitoes (D:14)
  4 wargs
  An iron troll simulacrum (IceCv)
  5 hydra simulacra (IceCv)
  18 soldier ants (Spider:1)
  2 acid dragons (D:15)
  11 water moccasins
  5 hell hounds (Spider:2)
  6 porcupines
  9 sky beasts
  2 swamp drakes (Lair:6)
  42 orc warriors
  An ettin simulacrum (IceCv)
  3 black bears
  6 ice beasts (IceCv)
  2 phantoms
  14 ogres
  10 wolves
  An eye of draining (D:14)
  23 centaurs
  24 crocodiles
  4 big kobolds
  16 bullfrogs
  A wyvern zombie (D:10)
  An earth elemental (Elf:3)
  2 wyvern skeletons
  10 scorpions
  41 killer bees
  3 wights (D:12)
  10 electric eels
  A howler monkey (D:8)
  A centaur zombie (D:8)
  12 crimson imps
  11 hounds
  5 centaur skeletons
  2 bullfrog skeletons
  10 orc priests
  6 jellies
  16 orc wizards
  5 iguanas
  25 worker ants
  Natasha (thrice) (D:2)
  A hell rat (Lair:5)
  2 killer bee zombies (D:9)
  3 hound zombies
  A hound skeleton (D:7)
  13 mummies (Ossuary)
  A worker ant zombie (D:7)
  A howler monkey zombie (D:11)
  2 gnolls
  A howler monkey skeleton (D:11)
  16 adders
  3 shadow imps
  4 ufetubi (Gauntlet)
  4 oozes
  An adder zombie (D:7)
  5 worms
  A dart slug (D:1)
  11 leopard geckos
  81 orcs
  11 bats
  9 giant cockroaches
  13 goblins
  7 hobgoblins
  8 jackals
  4 quokkas
  A ball python (D:4)
  7 frilled lizards
  2 gnoll skeletons (Ossuary)
  2 goblin skeletons (Ossuary)
  24 kobolds
  3 kobold skeletons (Ossuary)
  An orc skeleton (Ossuary)
  A quokka zombie (D:7)
  7 rats
  11 rat skeletons (Ossuary)
  4 plants (Shoals:1)
1313 creatures vanquished.

Vanquished Creatures (others)
  A deep elf annihilator (Elf:3)
  A rime drake (Lair:1)
  A jumping spider (Spider:1)
  3 humans (D:15)
  22 fungi
  13 plants
  8 toadstools (Lair:1)
  10 withered plants
59 creatures vanquished.

Grand Total: 1372 creatures vanquished

Notes
Turn   | Place    | Note
-------+----------+-------------------------------------------
     0 | D:1      | Mirvandir the Gargoyle Earth Elementalist began the quest
                  | for the Orb.
     0 | D:1      | Reached XP level 1. HP: 10/10 MP: 3/3
    51 | D:1      | Reached XP level 2. HP: 11/15 MP: 0/5
   306 | D:1      | Reached XP level 3. HP: 8/19 MP: 1/6
   311 | D:1      | Learned a level 3 spell: Stone Arrow
  1783 | D:2      | Noticed Natasha
  1785 | D:2      | Killed Natasha
  1785 | D:2      | Reached skill level 1 in Conjurations
  1785 | D:2      | Reached XP level 4. HP: 24/24 MP: 5/8
  1852 | D:2      | Noticed Natasha
  1855 | D:2      | Killed Natasha
  2051 | D:2      | Reached skill level 5 in Earth Magic
  2072 | D:2      | Noticed Natasha
  2086 | D:2      | Killed Natasha
  2086 | D:2      | Reached XP level 5. HP: 22/28 MP: 6/9
  3030 | D:3      | Reached XP level 6. HP: 24/32 MP: 2/11
  3042 | D:3      | Learned a level 5 spell: Lee's Rapid Deconstruction
  3306 | D:4      | Found a sand-covered staircase.
  3317 | Ossuary  | Entered an ossuary
  4191 | D:4      | Reached XP level 7. HP: 33/36 MP: 13/13
  4785 | D:4      | Reached skill level 5 in Spellcasting
  4792 | D:4      | Reached skill level 5 in Conjurations
  4866 | D:4      | Reached XP level 8. HP: 37/41 MP: 15/15
  4900 | D:4      | Noticed Sigmund
  4903 | D:4      | Killed Sigmund
  5131 | D:4      | Got a bloodstained robe
  5142 | D:4      | Identified the +1 robe of the Storm King {Str+6 Dex+8} (You
                  | found it on level 4 of the Dungeon)
  5355 | D:5      | Entered Level 5 of the Dungeon
  5375 | D:5      | Found a blossoming altar of Fedhas.
  6144 | D:6      | Found a staircase to the Ecumenical Temple.
  6154 | D:6      | Reached skill level 1 in Armour
  6156 | Temple   | Entered the Ecumenical Temple
  6403 | D:6      | Reached skill level 1 in Fighting
  6403 | D:6      | Reached skill level 1 in Maces & Flails
  6444 | D:6      | Reached XP level 9. HP: 29/47 MP: 18/18
  7029 | D:7      | Noticed a deep elf mage
  7035 | D:7      | Killed a deep elf mage
  7320 | D:7      | Found a snail-covered altar of Cheibriados.
  7776 | D:7      | Found a radiant altar of Vehumet.
  7789 | D:7      | Became a worshipper of Vehumet
  7875 | D:7      | Found a stormy altar of Qazlal.
  7875 | D:7      | Found a sacrificial altar of Ru.
  7876 | D:7      | Found a shattered altar of Ashenzari.
  8425 | D:8      | Found a burning altar of Makhleb.
  8469 | D:8      | Reached XP level 10. HP: 56/56 MP: 20/20
  8593 | D:8      | Reached * piety under Vehumet
  8593 | D:8      | Offered knowledge of Magic Dart by Vehumet.
  8755 | D:8      | Noticed a two-headed ogre
  8759 | D:8      | Killed a two-headed ogre
  8880 | D:8      | Noticed a two-headed ogre
  8889 | D:8      | Killed a two-headed ogre
  9047 | D:8      | Got a translucent whip
  9048 | D:8      | Identified the cursed +0 whip "Soqeshoa" {speed, rPois}
                  | (You found it on level 8 of the Dungeon)
  9078 | D:8      | Noticed Erica
  9088 | D:8      | Killed Erica
  9263 | D:8      | Reached skill level 5 in Armour
  9410 | D:9      | Reached skill level 5 in Fighting
  9492 | D:9      | Noticed Maggie
  9501 | D:9      | Killed Maggie
  9501 | D:9      | Reached skill level 10 in Earth Magic
  9501 | D:9      | Reached XP level 11. HP: 63/63 MP: 8/22
  9637 | D:9      | Offered knowledge of Foxfire by Vehumet.
  9652 | D:9      | Reached ** piety under Vehumet
  9828 | D:9      | Got a crude great sword
  9829 | D:9      | Identified the +4 great sword "Zaynaun" {vorpal, Str+2}
                  | (You found it on level 9 of the Dungeon)
  9831 | D:9      | Found a staircase to the Lair.
  9837 | D:9      | Reached skill level 5 in Maces & Flails
  9862 | D:9      | Found Vobadoa's Jewellery Shop.
 10061 | D:9      | Offered knowledge of Searing Ray by Vehumet.
 10292 | D:9      | Found a runed translucent door.
 10293 | D:9      | Noticed Maedhros's ghost (novice OpAr)
 10315 | D:9      | Killed Maedhros's ghost
 10482 | D:10     | Entered Level 10 of the Dungeon
 10535 | D:10     | Reached *** piety under Vehumet
 10539 | D:10     | Reached skill level 5 in Dodging
 10641 | D:10     | Learned a level 3 spell: Mephitic Cloud
 10648 | D:10     | Noticed a two-headed ogre
 10658 | D:10     | Killed a two-headed ogre
 10689 | D:10     | Found a snail-covered altar of Cheibriados.
 11104 | D:11     | Reached skill level 1 in Evocations
 11109 | D:11     | Noticed a green ugly thing
 11110 | D:11     | Noticed kuniqs's ghost (novice DESu)
 11111 | D:11     | Noticed a two-headed ogre
 11143 | D:11     | Found a runed translucent gate.
 11143 | D:11     | Found a runed translucent gate.
 11143 | D:11     | Found a runed translucent gate.
 11185 | D:11     | Killed a two-headed ogre
 11185 | D:11     | Reached XP level 12. HP: 53/71 MP: 20/24
 11189 | D:11     | Killed kuniqs's ghost
 11191 | D:11     | Offered knowledge of Fulminant Prism by Vehumet.
 11418 | D:11     | Noticed a six-headed hydra
 11423 | D:11     | Killed a six-headed hydra
 11720 | D:11     | Reached **** piety under Vehumet
 11960 | D:11     | Offered knowledge of Yara's Violent Unravelling by Vehumet.
 12083 | D:12     | Got a brightly glowing flail
 12114 | D:12     | Identified the +7 flail "Meiblala" {venom, Dex+3} (You
                  | found it on level 12 of the Dungeon)
 12235 | D:12     | Found Niafar's Armour Shoppe.
 12237 | D:12     | Found a staircase to the Orcish Mines.
 12237 | D:12     | Noticed an eight-headed hydra
 12254 | D:12     | Killed an eight-headed hydra
 12930 | D:12     | Found a runed translucent door.
 12930 | D:12     | Found a shimmering altar of Xom.
 12930 | D:12     | Noticed a +3 demon whip of chaos
 12930 | D:12     | Noticed larifari's ghost (journeyman KoEE)
 13143 | D:13     | Reached ***** piety under Vehumet
 13143 | D:13     | Offered knowledge of Iskenderun's Battlesphere by Vehumet.
 13219 | D:13     | Noticed a five-headed hydra
 13226 | D:13     | Killed a five-headed hydra
 13266 | D:13     | Reached XP level 13. HP: 78/78 MP: 19/25
 13341 | D:13     | Reached skill level 10 in Conjurations
 13572 | D:13     | Found a gate to the Vaults.
 13572 | D:13     | Noticed an ironheart preserver
 13594 | D:13     | Killed an ironheart preserver
 13784 | D:13     | Found a runed translucent door.
 13784 | D:13     | Noticed Daocobae's ghost (journeyman GnCj)
 13786 | D:13     | Identified the +4 trident "Fezuckel" {flame, Fragile rPois
                  | rC- Dex+10}
 14074 | D:14     | Identified the Guide on Conjuration and Augmentations
 14083 | D:14     | Learned a level 6 spell: Starburst
 14114 | D:14     | Reached skill level 1 in Fire Magic
 14391 | D:14     | Gained mutation: You tend to lose your temper in combat.
                  | [potion of mutation]
 14391 | D:14     | Gained mutation: You are surrounded by a mild repulsion
                  | field. (EV +2) [potion of mutation]
 14391 | D:14     | Gained mutation: You are partially covered in large bone
                  | plates. (SH +4) [potion of mutation]
 14702 | D:14     | Offered knowledge of Irradiate by Vehumet.
 14816 | D:14     | Reached skill level 5 in Evocations
 15347 | Lair:1   | Entered Level 1 of the Lair of Beasts
 15373 | Lair:1   | Learned a level 5 spell: Irradiate
 15844 | Lair:1   | Gained mutation: Your large and strong wings let you fly
                  | indefinitely. [Gargoyle growth]
 15844 | Lair:1   | Reached XP level 14. HP: 66/84 MP: 26/27
 15934 | Lair:1   | Found a runed translucent door.
 15971 | Lair:1   | Noticed a dire elephant
 15971 | Lair:1   | Noticed a dire elephant
 16341 | Lair:2   | Found a hole to the Spider Nest.
 16521 | Lair:2   | Found a staircase to the Shoals.
 17142 | Lair:3   | Found the +3 robe of Folly {Archmagi, MR-- Int+5}
 17258 | Lair:3   | You are sucked into a shaft and drop 1 floor!
 18213 | Lair:4   | Reached skill level 5 in Fire Magic
 18991 | Lair:5   | Offered knowledge of Lightning Bolt by Vehumet.
 19118 | Lair:5   | Reached skill level 10 in Spellcasting
 19651 | Lair:5   | Reached XP level 15. HP: 92/92 MP: 4/29
 19657 | Lair:5   | Identified the Catalogue of Transmigration
 20006 | Lair:6   | Entered Level 6 of the Lair of Beasts
 20006 | Lair:6   | Found a gate leading to a gauntlet.
 20015 | Gauntlet | Entered a Gauntlet
 20015 | Gauntlet | Found a transporter.
 20015 | Gauntlet | Found a transporter.
 20015 | Gauntlet | Found a transporter.
 20019 | Gauntlet | Found a transporter.
 20019 | Gauntlet | Found a transporter.
 20029 | Gauntlet | Found a transporter.
 20033 | Gauntlet | Found a transporter.
 20043 | Gauntlet | Found a transporter.
 20048 | Gauntlet | Found a transporter.
 20069 | Gauntlet | Found a transporter.
 20071 | Gauntlet | Found a transporter.
 20085 | Gauntlet | Found a transporter.
 20250 | Gauntlet | Got a transparent iron ring
 20253 | Gauntlet | Identified the ring "Maresum" {Ice MR+} (You found it in a
                  | Gauntlet)
 20560 | Gauntlet | Offered knowledge of Iron Shot by Vehumet.
 20615 | Gauntlet | Learned a level 6 spell: Iron Shot
 20939 | Lair:6   | Reached skill level 10 in Fighting
 21120 | Lair:6   | Found a staircase to the Slime Pits.
 22072 | D:12     | HP: 3/92 [+3 demon whip of chaos (4)]
 22260 | D:12     | Killed larifari's ghost
 22321 | D:12     | Found a shimmering altar of Xom.
 22351 | D:12     | Found a staircase to the Orcish Mines.
 22352 | D:12     | Found Niafar's Armour Shoppe.
 23150 | Orc:1    | Entered Level 1 of the Orcish Mines
 23220 | Orc:2    | Entered Level 2 of the Orcish Mines
 23885 | Orc:2    | Found Heni Ubu's Antique Weapon Shop.
 23963 | Orc:2    | Found Acluiken's General Store.
 23964 | Orc:2    | Noticed an orc warlord
 23981 | Orc:2    | Killed an orc warlord
 24151 | Orc:2    | Found a staircase to the Elven Halls.
 24269 | Orc:2    | Found Ynyrchif's Antique Armour Emporium.
 24277 | Orc:2    | Bought a pair of warped boots for 351 gold pieces
 24277 | Orc:2    | Identified the +5 pair of boots "Exenaol" {Str+7} (You
                  | bought it in a shop on level 2 of the Orcish Mines)
 24401 | Orc:2    | Found Tenlunen's Book Boutique.
 24647 | Orc:2    | Paralysed by an orc sorcerer for 6 turns
 24915 | D:15     | Entered Level 15 of the Dungeon
 24920 | D:15     | Reached ****** piety under Vehumet
 25235 | D:15     | Noticed Kirke
 25242 | D:15     | Killed Kirke
 25250 | D:15     | Reached XP level 16. HP: 90/99 MP: 30/30
 25284 | D:15     | Found a snail-covered altar of Cheibriados.
 25743 | D:15     | Offered knowledge of Spellforged Servitor by Vehumet.
 25831 | D:15     | Found a staircase to the Depths.
 26106 | Shoals:1 | Entered Level 1 of the Shoals
 26117 | Shoals:1 | Reached skill level 10 in Maces & Flails
 27498 | Shoals:2 | Noticed Jorgrun
 27630 | Shoals:2 | Killed Jorgrun
 27774 | Spider:1 | Entered Level 1 of the Spider Nest
 27911 | Spider:1 | Reached skill level 10 in Fire Magic
 27998 | Spider:1 | Offered knowledge of Orb of Destruction by Vehumet.
 28015 | Spider:1 | Found a runed translucent door.
 28018 | Spider:1 | Noticed karf's ghost (journeyman TeAE)
 28347 | Spider:1 | Noticed Frances
 28349 | Spider:1 | Killed Frances
 28659 | Spider:2 | Reached XP level 17. HP: 104/104 MP: 32/32
 28813 | Spider:2 | Offered knowledge of Spellforged Servitor by Vehumet.
 29022 | Spider:2 | Noticed Arachne
 29028 | Spider:2 | Killed Arachne
 29215 | Spider:2 | Noticed Azrael
 29274 | Spider:2 | Killed Azrael
 29554 | Spider:2 | Lost mutation: You tend to lose your temper in combat.
                  | [potion of mutation]
 29554 | Spider:2 | Lost mutation: You are surrounded by a mild repulsion
                  | field. (EV +2) [potion of mutation]
 29554 | Spider:2 | Lost mutation: You are partially covered in large bone
                  | plates. (SH +4) [potion of mutation]
 29554 | Spider:2 | Gained mutation: You are frail. (-10% HP) [potion of
                  | mutation]
 29554 | Spider:2 | Gained mutation: You have large cloven feet. [potion of
                  | mutation]
 29554 | Spider:2 | Lost mutation: You are frail. (-10% HP) [potion of
                  | mutation]
 29554 | Spider:2 | Gained mutation: You are resistant to hostile enchantments.
                  | (MR+) [potion of mutation]
 30229 | Spider:3 | Noticed Aizul
 30236 | Spider:3 | Killed Aizul
 30601 | Spider:3 | Found a frozen archway.
 30611 | IceCv    | Entered an ice cave
 30788 | IceCv    | Got a pitted morningstar
 30789 | IceCv    | Identified the +7 morningstar "Winluoku" {freeze, +Blink
                  | rC+ Dex+2 Stlth+} (You found it in an ice cave)
 32103 | Spider:3 | Noticed Bai Suzhen
 32111 | Spider:3 | Killed Bai Suzhen
 32335 | Spider:4 | Entered Level 4 of the Spider Nest
 32747 | Spider:4 | Reached XP level 18. HP: 112/112 MP: 33/33
 32771 | Spider:4 | Noticed Mara
 32792 | Spider:4 | Killed Mara
 33096 | Spider:4 | Reached skill level 15 in Earth Magic
 33186 | Spider:4 | Offered knowledge of Lehudib's Crystal Spear by Vehumet.
 33186 | Spider:4 | Offered knowledge of Fire Storm by Vehumet.
 33186 | Spider:4 | Offered knowledge of Ignition by Vehumet.
 33213 | Spider:4 | Learned a level 8 spell: Ignition
 33920 | Spider:4 | Got a gossamer rune of Zot
 34351 | Elf:1    | Entered Level 1 of the Elven Halls
 35138 | Elf:1    | Identified the Collected Works on Attacks
 35174 | Elf:1    | Noticed Asterion
 35181 | Elf:1    | Killed Asterion
 35330 | Elf:1    | Reached skill level 15 in Fire Magic
 35520 | Elf:1    | Reached XP level 19. HP: 116/116 MP: 35/35
 35854 | Elf:2    | Reached skill level 10 in Dodging
 35960 | Elf:2    | Identified Roxanne's Almanac of Clay
 35960 | Elf:2    | Noticed Roxanne
 35969 | Elf:2    | Killed Roxanne
 36310 | Elf:2    | Found a runed translucent gate.
 36311 | Elf:2    | Found a runed translucent gate.
 36312 | Elf:2    | Found a runed translucent gate.
 36379 | Elf:3    | Entered Level 3 of the Elven Halls
 36390 | Elf:3    | Found Titeghi's Antique Weapon Shop.
 36393 | Elf:3    | Found Qaistadgh's Assorted Antiques.
 37138 | Elf:3    | Noticed Donald
 37150 | Elf:3    | Killed Donald
 37608 | Elf:3    | Killed from afar by a deep elf sorcerer

Levels and vault maps discovered:
D:1:      onia_arrival_mini_maze, layout_basic, kennysheep_another_room,
          minmay_crystal_water
D:2:      layout_basic, uniq_natasha
D:3:      layout_loops_cross, first_ration
D:4:      layout_loops_corners, lightli_ossuary_entry_decrepit_ruins,
          gup_sewer_entry_pipe, uniq_sigmund
D:5:      layout_cave_pools, lemuel_crystal_altar
D:6:      layout_loops_cross, minmay_temple_entry_sparse_star
D:7:      layout_gridville, kennysheep_mini,
          gammafunk_temple_overflow_forgotten, vehumet_altar_wand_db
D:8:      layout_cave_pods, overflow_temple_1_default, serial_park,
          serial_park_paths [serial_park_minivault_5x5_5], serial_park_square3
          [serial_park_minivault_5x5_3], uniq_erica
D:9:      layout_loops_ring, grunt_lair_entry_orc_guard_hut, serial_shops,
          nicolae_shop_competitors_out_of_business, ebering_ghost_inner_flame,
          uniq_maggie
D:10:     layout_cave_pools, basic_altar
D:11:     layout_roguey, gammafunk_ghost_split, special_room [special_room_orc],
          nicolae_two_hexagons
D:12:     layout_basic, orc_david_3, ebering_ghost_xom
D:13:     layout_roguey, skrybe_vaults_entry_preservation,
          ebering_ghost_funeral_grove
D:14:     layout_rooms, chequers_serial_rivers_small_b
D:15:     hangedman_depths_entry_try_elsewhere_first, layout_small_grid,
          cheibriados_altar_1, uniq_kirke
Temple:   regret_index_temple_generic_petals
Lair:1:   gammafunk_lair_enchanted_lake, layout_long_grid, serial_bayou_lake_a
Lair:2:   layout_hall_layers, elwin_shoals_entry_rooms, spider_nest_entry_webs
Lair:3:   layout_chaotic_city, serial_bayou_shore_a, grunt_megastairs_3
Lair:4:   layout_regular_city, infiniplex_staircase_pool
Lair:5:   regret_index_harrowing_hell_hive, layout_cave_shapes
Lair:6:   guppyfry_lair_end_dragon, layout_misc_corridors, slime_dummy,
          gauntlet_entry_generic
Shoals:1: layout_shoals
Shoals:2: layout_shoals, uniq_polyphemus, uniq_jorgrun
Spider:1: layout_spider_delve, gammafunk_ghost_grave, zaba_antful_of_joy,
          uniq_frances
Spider:2: layout_chambers, uniq_azrael, uniq_arachne
Spider:3: layout_chambers, portal_ice_cave_entry_dragon, uniq_bai_suzhen,
          uniq_aizul
Spider:4: spider_rune_water, guppyfry_hornet_nest, uniq_mara
Orc:1:    nicolae_orc_accident_3, layout_diamond_mine
Orc:2:    grunt_orc_gardens, layout_caves, grunt_orc_garden, grunt_orc_garden,
          grunt_orc_garden, grunt_orc_garden
Elf:1:    elf_arrival_001, layout_loops_ring, minmay_elf_sorcery,
          serial_sigils_hangedman_confine, uniq_asterion
Elf:2:    layout_geoelf_octagon, uniq_roxanne
Elf:3:    minmay_elf_hall_four_x, layout_onion_city, serial_shops,
          nicolae_shop_overgrown_old_shop, shop_fountains, uniq_donald

Skill      XL: |  1  2  3  4  5  6  7  8  9 10 11 12 13 14 15 16 17 18 19 |
---------------+----------------------------------------------------------+-----
Earth Magic    | 4 5 6 7 8 9 10 11 12 13 14 15 | 15.5
Spellcasting   | 3 4 5 6 7 8 9 10 11 12 | 12.4
Conjurations   | 1 2 3 5 6 7 8 9 10 11 12 13 14 | 14.0
Armour         | 1 3 5 6 |  6.0
Fighting       | 1 3 5 6 7 8 9 10 11 12 | 12.8
Maces & Flails | 1 3 4 6 7 8 9 10 11 | 11.8
Dodging        | 2 3 4 5 6 7 8 9 10 | 10.3
Evocations     | 1 3 5 6 |  6.0
Fire Magic     | 3 6 8 10 11 15 | 15.7
Stealth        | |  2.1
Transmutations | |  0.7

Action                   |  1- 3 |  4- 6 |  7- 9 | 10-12 | 13-15 | 16-18 | 19-21 || total
-------------------------+-------+-------+-------+-------+-------+-------+-------++-------
Melee: Unarmed           |    19 |       |       |       |       |       |       ||    19
       Dagger            |   129 |     1 |       |       |       |       |       ||   130
       Mace              |       |   132 |   114 |       |       |       |       ||   246
       Whip              |       |       |   179 |   142 |       |       |       ||   321
       Great sword       |       |       |       |   239 |   828 |   449 |       ||  1516
       Morningstar       |       |       |       |       |       |   253 |    67 ||   320
       Staff             |       |       |       |       |       |    85 |       ||    85
Throw: Throwing net      |       |       |       |       |       |     2 |       ||     2
 Cast: Sandblast         |    17 |    64 |    79 |    94 |    46 |     2 |       ||   302
       Stone Arrow       |       |     6 |    22 |    34 |    73 |     4 |       ||   139
       Lee's Rapid Decon |       |     1 |     6 |    32 |    64 |    93 |    22 ||   218
       Mephitic Cloud    |       |       |       |       |     3 |       |       ||     3
       Iron Shot         |       |       |       |       |    32 |   137 |    35 ||   204
       Irradiate         |       |       |       |       |     3 |    14 |       ||    17
       Starburst         |       |       |       |       |       |     4 |       ||     4
       Ignition          |       |       |       |       |       |     8 |    12 ||    20
 Abil: Fly               |       |       |       |       |     1 |       |       ||     1
Evoke: Wand              |       |       |     2 |    12 |    17 |     2 |     2 ||    35
       Box of beasts     |       |       |       |       |       |       |     1 ||     1
  Use: Scroll            |       |    12 |     7 |    14 |    15 |    18 |     2 ||    68
       Potion            |       |     1 |     2 |       |     6 |    17 |     2 ||    28
 Stab: Distracted        |     1 |       |     1 |       |     1 |     3 |       ||     6
       Sleeping          |       |     5 |    10 |     7 |    14 |     4 |     1 ||    41
       Confused          |       |       |       |     1 |     3 |       |       ||     4
       Petrified         |       |       |       |       |     1 |       |       ||     1
       Invisible         |       |       |       |       |     2 |       |       ||     2
  Eat: Chunk             |     3 |     5 |    16 |    18 |    41 |    41 |    10 ||   134
       Ration            |       |     1 |     1 |     1 |     6 |    11 |     3 ||    23
Armor: Robe              |    55 |    89 |   167 |   226 |   517 |   797 |    26 ||  1877
Dodge: Dodged            |   115 |   116 |   249 |   377 |  1362 |  1714 |    66 ||  3999
Block: Other             |       |       |       |       |   242 |   161 |       ||   403
       Rpst.: Great sword |       |       |       |    68 |   330 |   277 |       ||   675

Table legend:
 A = Non-vault XP
 B = Vault XP
 C = Vault XP percentage of total XP
 D = Non-vault monster count
 E = Vault monster count
 F = Vault count percentage of total count
                 A         B        C        D         E       F
            +---------+---------+-------+---------+---------+-------
      Total |  223570 |  151972 |  40.5 |     898 |     411 |  31.4
            +---------+---------+-------+---------+---------+-------
        D:1 |      57 |       2 |   3.4 |      26 |       2 |   7.1
        D:2 |     127 |      35 |  21.6 |      18 |       1 |   5.3
        D:3 |     139 |       0 |   0.0 |      27 |       0 |   0.0
        D:4 |     796 |     234 |  22.7 |      30 |       9 |  23.1
        D:5 |     316 |       0 |   0.0 |      11 |       0 |   0.0
        D:6 |     648 |       0 |   0.0 |      15 |       0 |   0.0
        D:7 |    1836 |       2 |   0.1 |      33 |       1 |   2.9
        D:8 |    3084 |    1453 |  32.0 |      28 |       8 |  22.2
        D:9 |    3780 |    1974 |  34.3 |      41 |       8 |  16.3
       D:10 |    2305 |       0 |   0.0 |      15 |       0 |   0.0
       D:11 |    3363 |    3225 |  49.0 |      28 |      25 |  47.2
       D:12 |    5458 |    2129 |  28.1 |      27 |      10 |  27.0
       D:13 |    5776 |    4641 |  44.6 |      26 |       9 |  25.7
       D:14 |   12493 |       0 |   0.0 |      62 |       0 |   0.0
       D:15 |   12500 |    4045 |  24.4 |      30 |       7 |  18.9
     Lair:1 |    1775 |    2096 |  54.1 |      13 |       9 |  40.9
     Lair:2 |    2434 |    1373 |  36.1 |      14 |       5 |  26.3
     Lair:3 |    2396 |     693 |  22.4 |      14 |       3 |  17.6
     Lair:4 |   10721 |       0 |   0.0 |      27 |       0 |   0.0
     Lair:5 |    6782 |    9550 |  58.5 |      21 |      55 |  72.4
     Lair:6 |    9482 |    4306 |  31.2 |      37 |      15 |  28.8
   Shoals:1 |   14246 |       0 |   0.0 |      30 |       0 |   0.0
   Shoals:2 |    1397 |    3113 |  69.0 |       4 |       1 |  20.0
   Spider:1 |   12150 |    9533 |  44.0 |      37 |      41 |  52.6
   Spider:2 |   20424 |    6262 |  23.5 |      75 |      10 |  11.8
   Spider:3 |   10328 |    7893 |  43.3 |      36 |       3 |   7.7
   Spider:4 |   16144 |   28802 |  64.1 |      46 |      46 |  50.0
      Orc:1 |    1190 |    1766 |  59.7 |      23 |      10 |  30.3
      Orc:2 |    2923 |    8076 |  73.4 |      15 |      27 |  64.3
      Elf:1 |   25565 |   12990 |  33.7 |      41 |      17 |  29.3
      Elf:2 |   16496 |    2989 |  15.3 |      25 |       2 |   7.4
      Elf:3 |   16439 |   22463 |  57.7 |      23 |      15 |  39.5
    Ossuary |       0 |     242 | 100.0 |       0 |      32 | 100.0
      IceCv |       0 |    7529 | 100.0 |       0 |      22 | 100.0
   Gauntlet |       0 |    4556 | 100.0 |       0 |      18 | 100.0
            +---------+---------+-------+---------+---------+-------
